AoeStats
← BottleDry

African Clearing

506738693Analyzed
4v4 RM · 18d ago on Sep 14, 2026· 44m 46s· 8 players
Game mode
Random Map
Map size
Large (8 player)
Population
200
Speed
Normal
Resources
Standard
Victory
Conquest
Starting age
Dark Age
Ending age
Imperial Age
RankedLock teamsTeams togetherTeam positionsShared explorationLock speedFull tech treeHidden civsTurbo modeCheats
Victory
Defeat
🇩🇪 Magyars · Germany
910
+14
🇺🇸 Byzantines · United States
909
+14
🇺🇸 Georgians · United States
883
+15
🇱🇺 Wu · Luxembourg
861
+16
🇨🇱 Mongols · Chile
913
-16
🇺🇸 Huns · United States
857
-15
🇧🇷 Romans · Brazil
853
-14
🇦🇷 Aztecs · Argentina
836
-14
Caduzera
11:54 Feudal Age
12:31 Double-Bit Axe
16:40 Horse Collar
16:27 Man-at-Arms
17:15 Gold Mining
24:06 Castle Age
22:34 Stone Mining
24:20 Long Swordsman
26:36 Scale Mail Armor
27:43 Forging
Williamjason007
23:21 Feudal Age
28:34 Castle Age
26:57 Scale Barding Armor
27:52 Forging
28:37 Bloodlines
28:45 Gold Mining
30:53 Double-Bit Axe
30:49 Horse Collar
32:17 Heavy Plow
34:39 Iron Casting
35:52 Marauders
36:16 Chain Barding Armor
36:25 Husbandry
Raiquen
8:06 Loom
14:13 Feudal Age
15:06 Horse Collar
20:27 Castle Age
19:49 Double-Bit Axe
21:40 Wheelbarrow
21:36 Fletching
21:54 Padded Archer Armor
24:05 Hand Cart
32:51 Ballistics
39:01 Imperial Age
36:59 Bodkin Arrow
38:36 Bloodlines
38:27 Husbandry
39:38 Scale Barding Armor
40:18 Conscription
40:18 Gold Mining
93arthas
11:42 Loom
16:38 Feudal Age
18:30 Horse Collar
19:27 Town Watch
22:10 Double-Bit Axe
27:12 Castle Age
25:46 Fletching
28:42 Wheelbarrow
28:03 Man-at-Arms
29:45 Bow Saw
29:19 Long Swordsman
29:47 Gambesons
42:21 Imperial Age
40:04 Fortified Wall
41:22 Pikeman
42:26 Scale Mail Armor
42:38 Forging
42:55 Capped Ram
GermanWolf7
3:56 Loom
15:59 Feudal Age
22:01 Castle Age
22:24 Double-Bit Axe
22:35 Gold Mining
22:14 Light Cavalry
34:44 Imperial Age
33:05 Corvinian Army
33:15 Scale Barding Armor
34:00 Bloodlines
33:51 Husbandry
34:16 Chain Barding Armor
34:45 Elite Magyar Huszar
36:36 Plate Barding Armor
36:42 Conscription
Numinous
13:28 Feudal Age
14:04 Double-Bit Axe
16:05 Horse Collar
24:00 Castle Age
23:54 Fletching
24:32 Bloodlines
25:40 Wheelbarrow
25:13 Heavy Plow
27:01 Bow Saw
27:28 Gold Mining
27:29 Stone Mining
29:33 Stone Shaft Mining
30:26 Bodkin Arrow
30:39 Scale Barding Armor
30:44 Forging
33:46 Hand Cart
33:17 Loom
33:47 Town Watch
36:15 Chain Barding Armor
36:32 Iron Casting
37:56 Town Patrol
38:43 Husbandry
40:47 Fortified Wall
lil_luzツ
16:23 Feudal Age
17:00 Double-Bit Axe
16:58 Horse Collar
24:07 Castle Age
25:05 Bow Saw
24:57 Heavy Plow
29:15 Treadmill Crane
30:26 Fletching
33:54 Ballistics
33:31 Murder Holes
35:43 Bodkin Arrow
36:34 Red Cliffs Tactics
43:26 Imperial Age
43:44 Padded Archer Armor
44:05 Elite Fire Archer
45:09 Conscription
BottleDry
3:54 Loom
13:31 Feudal Age
14:10 Feudal Age
15:30 Double-Bit Axe
20:38 Castle Age
18:52 Horse Collar
20:57 Stone Mining
21:03 Gold Mining
21:53 Bow Saw
26:51 Scale Barding Armor
26:57 Forging
28:45 Wheelbarrow
30:11 Husbandry
33:14 Chain Barding Armor
33:29 Iron Casting
40:40 Imperial Age
42:15 Plate Barding Armor
41:31 Heavy Camel Rider
45:25 Conscription
Connection lost

Rejoining the realm…

Still unreachable

The connection could not be restored.

Session expired

The server has moved on; the page needs a fresh start.